AoeStats
← serkan0735

Fortress

510589512Analyzed
1v1 RM · 1d ago on Oct 1, 2026· 83m 34s· 2 players
Game mode
Random Map
Map size
Small (3 player)
Population
200
Speed
Normal
Resources
Standard
Victory
Conquest
Starting age
Dark Age
Ending age
Imperial Age
RankedLock teamsTeams togetherTeam positionsShared explorationLock speedFull tech treeHidden civsTurbo modeCheats
Victory
Defeat
🇦🇹 Britons · Austria
964
+17
🇹🇷 Ethiopians · Türkiye
981
-17
risadevenganza
7:01 Feudal Age
11:22 Castle Age
9:30 Double-Bit Axe
10:38 Horse Collar
11:08 Gold Mining
13:09 Bow Saw
13:06 Heavy Plow
13:11 Loom
24:12 Imperial Age
21:39 Stone Mining
22:04 Town Watch
22:29 Fletching
22:39 Padded Archer Armor
23:35 Wheelbarrow
23:41 Bodkin Arrow
25:23 Guilds
25:36 Conscription
25:24 Bracer
25:39 Leather Archer Armor
27:03 Two-Man Saw
27:01 Gold Shaft Mining
28:06 Ring Archer Armor
27:39 Treadmill Crane
29:00 Chemistry
28:21 Ballistics
29:04 Chemistry
28:49 Hand Cart
28:35 Town Patrol
29:17 Elite Skirmisher
29:21 Elite Longbowman
30:50 Gambesons
30:26 Pikeman
31:19 Onager
32:22 Forging
32:17 Scale Barding Armor
35:13 Light Cavalry
36:28 Iron Casting
36:14 Chain Barding Armor
37:20 Husbandry
38:25 Blast Furnace
39:11 Cavalier
40:27 Plate Barding Armor
40:13 Capped Ram
41:06 Scale Mail Armor
41:23 Arrowslits
41:49 Masonry
41:49 Fortified Wall
41:45 Siege Engineers
42:07 Chain Mail Armor
41:16 Man-at-Arms
41:58 Squires
41:44 Arson
43:19 Plate Mail Armor
42:10 Long Swordsman
43:37 Two-Handed Swordsman
44:59 Yeomen
44:45 Warwolf
45:22 Hoardings
45:29 Champion
46:00 Arson
48:16 Architecture
47:38 Guard Tower
54:27 Halberdier
serkan0735
8:00 Feudal Age
10:07 Loom
12:26 Castle Age
10:15 Double-Bit Axe
10:14 Horse Collar
19:14 Wheelbarrow
19:26 Bow Saw
19:20 Heavy Plow
22:53 Imperial Age
20:20 Gold Mining
21:20 Fletching
21:31 Padded Archer Armor
21:24 Stone Mining
22:15 Bodkin Arrow
22:24 Elite Skirmisher
22:25 Crossbowman
24:32 Thumb Ring
25:43 Leather Archer Armor
25:33 Arbalester
26:52 Hand Cart
27:30 Ballistics
28:17 Conscription
29:58 Two-Man Saw
29:42 Gold Shaft Mining
31:25 Chemistry
31:38 Ring Archer Armor
31:11 Bracer
36:05 Halberdier
36:45 Squires
36:31 Arson
37:36 Scale Mail Armor
37:46 Forging
39:12 Husbandry
38:33 Light Cavalry
39:42 Hussar
41:30 Cavalier
45:41 Murder Holes
45:55 Siege Engineers
46:02 Masonry
62:09 Scale Barding Armor
Connection lost

Rejoining the realm…

Still unreachable

The connection could not be restored.

Session expired

The server has moved on; the page needs a fresh start.